AoeStats
← Zombyou

Migration

504294832Analyzed
1v1 RM · 28d ago on Sep 4, 2026· 47m 37s· 2 players
Game mode
Random Map
Map size
132×132
Population
200
Speed
Normal
Resources
Standard
Victory
Conquest
Starting age
Dark Age
Ending age
Imperial Age
RankedLock teamsTeams togetherTeam positionsShared explorationLock speedFull tech treeHidden civsTurbo modeCheats
Victory
Defeat
🇩🇪 Malians · Germany
630
+19
🇫🇷 Britons · France
698
-19
Fivesta
7:58 Loom
13:38 Feudal Age
12:50 Loom
14:35 Fishing Lines
14:46 Double-Bit Axe
14:52 Horse Collar
17:26 Gold Mining
17:27 Stone Mining
18:51 Forging
18:42 Scale Mail Armor
20:06 Wheelbarrow
21:54 Castle Age
21:33 Arson
24:14 Gold Shaft Mining
24:15 Stone Shaft Mining
23:54 Bow Saw
24:07 Squires
23:28 Pikeman
24:53 Heavy Plow
32:10 Hand Cart
32:24 Tigui
33:41 Town Watch
36:32 Imperial Age
35:00 Murder Holes
36:19 Iron Casting
36:00 Chain Mail Armor
35:57 Fletching
36:35 Capped Ram
39:39 Elite Gbeto
40:19 Onager
42:44 Plate Mail Armor
46:54 Conscription
47:10 Hoardings
48:11 Farimba
Zombyou
12:53 Feudal Age
13:29 Double-Bit Axe
13:59 Horse Collar
18:30 Wheelbarrow
21:16 Castle Age
24:35 Gold Mining
25:06 Bow Saw
25:10 Pikeman
25:16 Man-at-Arms
26:37 Heavy Plow
30:46 Fletching
33:08 Hand Cart
35:49 Padded Archer Armor
35:40 Light Cavalry
40:31 Imperial Age
42:26 Elite Skirmisher
45:51 Leather Archer Armor
45:32 Bodkin Arrow
47:29 Bracer
48:00 Ring Archer Armor
Connection lost

Rejoining the realm…

Still unreachable

The connection could not be restored.

Session expired

The server has moved on; the page needs a fresh start.